Map: Ruins of Endion

Players

lllIIIllIIll

  • Race: Zerg Zerg
  • League: Master

oliM - Winner!

  • Race: Protoss Protoss
  • League: Grandmaster

VOD

Have the link to the VOD?

Description

Time

  • Played on: April 24, 2016, 2:51 a.m.
  • Length: 9:56
Show
View Real Time Build Order
Export as new Build Order

lllIIIllIIll Zerg 

Build Orders: Hatch First 

Get SALT Encoding   

  12  0:04  Drone  
  13  0:13  Overlord  
  13  0:18  Drone  
  14  0:31  Drone  
  14  0:32  Drone  
  16  0:37  Drone  
  17  0:53  Hatchery  
  17  0:55  Drone  
  17  0:59  Drone  
  18  1:10  Extractor  
  17  1:16  Spawning Pool  
  17  1:18  Drone  
  17  1:21  Drone  
  18  1:30  Drone  
  19  1:41  Drone  
  20  1:54  Overlord  
  20  2:04  Queen  
  20  2:05  Zergling x2  
  20  2:08  Drone, Queen  
  25  2:14  Drone  
  27  2:17  Drone  
  27  2:22  Metabolic Boost  
  28  2:24  Drone  
  28  2:27  Drone  
  30  2:35  Drone  
  31  2:38  Drone  
  31  2:43  Hatchery  
  31  2:47  Zergling x2  
  31  2:49  Overlord  
  32  2:57  Zergling x2  
  33  3:01  Zergling x2  
  34  3:07  Zergling x2  
  34  3:10  Drone  
  36  3:14  Queen  
  36  3:16  Overlord  
  36  3:18  Drone x4  
  42  3:28  Drone x2  
  44  3:35  Drone  
  44  3:36  Drone  
  44  3:37  Drone  
  47  3:44  Overlord  
  47  3:45  Drone x3  
  47  3:47  Drone  
  51  3:51  Spore Crawler x2  
  51  3:53  Extractor  
  51  3:54  Queen  
  50  4:01  Overlord  
  50  4:06  Lair  
  50  4:07  Drone x4  
  50  4:09  Drone  
  54  4:10  Drone  
  55  4:25  Extractor, Drone  
  55  4:26  Drone x2  
  55  4:27  Drone x2, Baneling Nest  
  55  4:30  Overlord  
  58  4:34  Drone x3  
  58  4:35  Spore Crawler  
  58  4:43  Drone  
  58  4:44  Drone, Extractor  
  58  4:48  Drone x4  
  58  4:49  Drone x2  
  64  4:54  Overlord  
  64  4:58  Drone x4  
  67  5:03  Drone x3  
  69  5:09  Hydralisk Den  
  69  5:10  Drone  
  69  5:11  Drone  
  70  5:15  Extractor  
  70  5:16  Drone x3  
  70  5:18  Zergling x2  
  70  5:19  Zergling x2  
  74  5:23  Centrifical Hooks  
  74  5:30  Overlord  
  74  5:31  Overlord x2  
  74  5:33  Zergling x2  
  75  5:40  Hydralisk x2  
  75  5:41  Hydralisk  
  81  5:45  Muscular Augments  
  81  5:50  Overlord  
  81  5:51  Hydralisk x2  
  81  5:54  Zergling x6  
  81  5:55  Zergling x2  
  89  6:00  Hydralisk  
  89  6:01  Hydralisk x2  
  95  6:12  Hydralisk x4  
  95  6:15  Overseer  
  103  6:18  Overlord  
  103  6:19  Overlord x2  
  103  6:32  Overlord  
  103  6:33  Overlord  
  103  6:36  Overlord  
  103  6:37  Hydralisk x5  
  113  6:42  Hydralisk x2  
  113  6:45  Zergling x4  
  119  6:48  Zergling x4  
  119  6:49  Zergling x2  
  122  6:58  Hydralisk x3  
  128  7:03  Hydralisk x3  
  134  7:12  Zergling x16  
  134  7:15  Baneling x4  
  142  7:16  Baneling x3  
  142  7:17  Baneling x2  
  142  7:18  Baneling  
  142  7:22  Baneling x2  
  142  7:24  Zergling x8  
  146  7:32  Zergling x6  
  146  7:34  Hydralisk x2  
  153  7:37  Overlord x2  
  153  7:41  Overlord  
  153  7:46  Hydralisk  
  153  7:51  Zergling x2  
  146  8:02  Zergling x14  
  146  8:03  Zergling x8  
  150  8:14  Hydralisk x3  
  153  8:21  Lurker Den  
  153  8:22  Drone  
  153  8:25  Extractor  
  132  8:31  Hydralisk x6  
  117  8:38  Hydralisk x3  
  115  8:47  Zergling x6  
  115  8:48  Zergling x4, Hatchery  
  111  8:57  Baneling x5  
  111  8:58  Baneling x11  
  111  9:00  Baneling  
  111  9:01  Zergling x6  
  114  9:05  Zergling x6  
  114  9:08  Zergling x4  
  119  9:11  Zergling x4  
  119  9:13  Hydralisk  
  122  9:17  Zergling x6  
  125  9:26  Hydralisk x3  
  125  9:29  Zergling x4  
  125  9:30  Zergling x2  
Show
View Real Time Build Order
Export as new Build Order

oliM Protoss - Winner!

Build Orders: 1 Gate Expand, Oracle Opening 

Get SALT Encoding   

  12  0:01  Probe (Chrono Boost)  
  13  0:11  Probe (Chrono Boost)  
  14  0:21  Pylon  
  14  0:22  Probe (Chrono Boost)  
  15  0:39  Probe (Chrono Boost), Gateway  
  17  0:50  Probe (Chrono Boost)  
  17  0:51  Assimilator  
  17  1:00  Probe (Chrono Boost)  
  18  1:11  Probe (Chrono Boost)  
  19  1:24  Nexus  
  19  1:32  Cybernetics Core  
  19  1:36  Probe (Chrono Boost)  
  20  1:41  Assimilator  
  20  1:47  Zealot (Chrono Boost)  
  22  1:56  Pylon  
  22  1:59  Probe  
  23  2:14  Probe (Chrono Boost)  
  24  2:20  Stalker  
  26  2:25  Mothership Core (Chrono Boost)  
  26  2:27  Warp Gate  
  28  2:40  Probe (Chrono Boost)  
  28  2:43  Probe (Chrono Boost)  
  30  2:50  Probe (Chrono Boost)  
  31  2:54  Probe (Chrono Boost)  
  32  3:01  Probe (Chrono Boost)  
  32  3:04  Stargate  
  32  3:05  Probe (Chrono Boost)  
  33  3:11  Probe (Chrono Boost)  
  34  3:13  Pylon  
  34  3:15  Probe (Chrono Boost)  
  35  3:22  Probe (Chrono Boost)  
  35  3:26  Probe (Chrono Boost)  
  37  3:32  Probe (Chrono Boost)  
  38  3:36  Probe (Chrono Boost)  
  39  3:42  Probe (Chrono Boost)  
  39  3:47  Probe (Chrono Boost)  
  41  3:49  Oracle (Chrono Boost)  
  41  3:55  Probe  
  44  3:56  Gateway  
  44  3:58  Gateway  
  44  3:59  Probe  
  46  4:07  Gateway  
  46  4:08  Probe  
  47  4:11  Pylon  
  47  4:14  Probe  
  48  4:19  Probe  
  48  4:20  Phoenix (Chrono Boost)  
  48  4:22  Assimilator  
  51  4:26  Probe  
  51  4:27  Assimilator  
  51  4:29  Probe  
  53  4:38  Probe  
  53  4:40  Probe  
  53  4:42  Phoenix (Chrono Boost)  
  57  4:50  Probe  
  58  4:54  Nexus  
  58  4:56  Pylon  
  58  5:03  Probe  
  58  5:05  Probe  
  60  5:07  Robotics Facility x2  
  60  5:15  Probe x2  
  62  5:23  Pylon  
  62  5:27  Probe x2 (Chrono Boost)  
  64  5:30  Pylon  
  64  5:38  Probe x2 (Chrono Boost)  
  66  5:48  Probe (Chrono Boost)  
  66  5:49  Probe (Chrono Boost)  
  68  5:51  Twilight Council  
  68  5:52  Forge  
  68  5:54  Pylon  
  68  5:59  Probe (Chrono Boost)  
  68  6:00  Probe (Chrono Boost)  
  70  6:05  Robotics Bay  
  70  6:09  Probe x2 (Chrono Boost)  
  69  6:12  Immortal (Chrono Boost)  
  69  6:16  Sentry  
  69  6:17  Observer (Chrono Boost), Stalker x3  
  82  6:19  Probe  
  82  6:21  Probe  
  82  6:22  Pylon  
  82  6:24  Blink (Chrono Boost), Probe  
  85  6:28  Protoss Ground Weapons Level 1  
  85  6:30  Probe  
  86  6:33  Probe  
  86  6:38  Immortal (Chrono Boost)  
  92  6:40  Probe  
  92  6:44  Assimilator  
  92  6:46  Assimilator  
  92  6:49  Probe  
  92  6:54  Probe  
  94  6:58  Gateway  
  94  6:59  Gateway  
  94  7:02  Gateway, Stalker x2  
  94  7:04  Pylon  
  98  7:09  Disruptor (Chrono Boost)  
  101  7:19  Disruptor (Chrono Boost)  
  104  7:24  Pylon  
  104  7:26  Pylon  
  104  7:36  Stalker x2  
  108  7:37  Adept x2  
  108  7:39  Pylon  
  108  7:40  Pylon  
  108  7:41  Disruptor (Chrono Boost)  
  112  7:50  Disruptor (Chrono Boost)  
  109  8:02  Stalker x4  
  110  8:16  Disruptor (Chrono Boost)  
  110  8:18  Stalker x3  
  101  8:22  Pylon  
  101  8:23  Pylon  
  101  8:24  Pylon  
  95  8:34  Stalker  
  95  8:35  Stalker x3  
  101  8:44  Warp Prism (Chrono Boost)  
  103  8:55  Stalker x2  
  105  8:57  Nexus  
  105  8:59  Pylon  
  107  9:03  Adept x2  
  107  9:07  Observer (Chrono Boost)  
  112  9:17  Adept x3  
  109  9:43  Stalker x2  
  109  9:44  Stalker x2  
Tags
 
Add a new tag
Caveats
  • Supply blocks, unpowered buildings, or Contaminate may cause inaccurate times.
  • Supply counts are checked every 10 seconds.